[Event "December 12 Early 2023"]
[Site "https://www.chess.com"]
[Date "2023.12.12"]
[Round "4"]
[White "Tay, Junior"]
[Black "Weetik, Vjacheslav"]
[Result "0-1"]
[Board "69"]
[TimeControl "180+1"]
[WhiteFideId "5800439"]
[BlackFideId "4153472"]
[WhiteElo "2527"]
[BlackElo "2750"]
[WhiteTeam "SGP"]
[BlackTeam "RUS"]
[WhiteClock "0:00:05"]
[BlackClock "0:00:09"]

1. e4 c6 2. Nf3 d5 3. exd5 cxd5 4. Ne5 Nf6 5. d4 g6 6. Bd3 Bg7 7. c3 O-O 8. O-O Nfd7 9. f4 Nc6 10. Nd2 f6 11. Nxc6 bxc6 12. f5 e5 13. fxe6 Nb6 14. Re1 Qd6 15. Qe2 Re8 16. e7 Kf7 17. Nb3 Rxe7 18. Be3 Bd7 19. Qf2 Rae8 20. Bd2 Nc4 21. Bxc4 dxc4 22. Nc5 Bf5 23. Rxe7+ Rxe7 24. Re1 Bf8 25. Qh4 h5 26. h3 Qd5 27. Be3 Re8 28. Qf2 Kg8 29. b4 Kf7 30. Rf1 h4 31. a4 Bd6 32. Bf4 Bxc5 33. bxc5 Bd3 34. Re1 Rxe1+ 35. Qxe1 g5 36. Bd6 Qe4 37. Qf2 a6 38. Be5 Qf5 39. Bd6 Kg6 40. Qd2 Be4 41. Qf2 Bd5 42. a5 Qe4 43. Kh2 Qf5 44. Qe2 Qe4 45. Qf2 f5 46. Qf3 Qxf3 47. gxf3 Bxf3 48. Kg1 Bd5 49. Kf2 Be6 50. Be7 Kh5 51. Kg2 Bd5+ 52. Kh2 g4 53. Bf6 g3+ 54. Kg1 f4 55. Be5 f3 56. Bf4 Be4 57. Be3 Bd3 58. Bf2 gxf2+ 59. Kxf2 Be4 60. Ke3 Bd5 61. Kf2 Kg5 62. Ke3 Kf5 63. Kf2 Ke4 64. Kf1 Kd3 65. Ke1 Kxc3 66. Kf2 Kxd4 0-1

[Event "December 12 Early 2023"]
[Site "https://www.chess.com"]
[Date "2023.12.12"]
[Round "4"]
[White "Bazyrtsyrenov, Kirill"]
[Black "Teterev, Vitaly"]
[Result "1-0"]
[Board "70"]
[TimeControl "180+1"]
[WhiteFideId "24215872"]
[BlackFideId "13501429"]
[WhiteElo "2746"]
[BlackElo "2525"]
[WhiteTeam "RUS"]
[BlackTeam "BLR"]
[WhiteClock "0:00:04"]
[BlackClock "0:00:00"]

1. e4 c5 2. Nf3 d6 3. d4 cxd4 4. Nxd4 Nf6 5. Nc3 a6 6. Be3 e6 7. f3 Nbd7 8. Qd2 b5 9. g4 Nb6 10. g5 Nfd7 11. Qf2 Bb7 12. O-O-O Rc8 13. Nce2 Nc4 14. Kb1 Nxe3 15. Qxe3 Ne5 16. Ng3 Qc7 17. h4 Qc5 18. Bh3 Nc4 19. Qc1 g6 20. h5 Bg7 21. Nge2 O-O 22. hxg6 hxg6 23. Nxe6 fxe6 24. Bxe6+ Rf7 25. c3 Re8 26. Nf4 Qe3 27. Bxf7+ Kxf7 28. Qxe3 Nxe3 29. Rxd6 Bc8 30. Nxg6 Nc4 31. Rc6 Bd7 32. Rc7 Kxg6 33. Rxd7 Rf8 34. Rh3 Ne5 35. Ra7 Nxf3 36. Rxa6+ Kxg5 37. Ra5 Kg4 38. Rh1 1-0

[Event "December 12 Early 2023"]
[Site "https://www.chess.com"]
[Date "2023.12.12"]
[Round "4"]
[White "Kozak, Antoni"]
[Black "Manukyan, Artyom"]
[Result "1-0"]
[Board "71"]
[TimeControl "180+1"]
[WhiteFideId "21832030"]
[BlackFideId "13305786"]
[WhiteElo "2744"]
[BlackElo "2522"]
[WhiteTeam "POL"]
[BlackTeam "ARM"]
[WhiteClock "0:00:26"]
[BlackClock "0:00:22"]

1. Nf3 d5 2. e3 Nf6 3. c4 e6 4. b3 Be7 5. Bb2 O-O 6. Nc3 dxc4 7. Bxc4 a6 8. Be2 b5 9. a4 b4 10. Nb1 Bb7 11. d3 Nbd7 12. Nbd2 Nc5 13. Nc4 a5 14. Rc1 Nd5 15. O-O Bf6 16. d4 Ne4 17. Qc2 Nec3 18. Bd3 g6 19. Rfe1 Bg7 20. Bf1 f5 21. Nfe5 Qh4 22. f3 Rad8 23. Qf2 Qxf2+ 24. Kxf2 f4 25. exf4 Nxf4 26. Nxa5 Ba8 27. Nac6 Bxe5 28. Nxe5 Rxd4 29. Bxc3 bxc3 30. Rxc3 Rd2+ 31. Kg1 Nd5 32. Rd3 Rb2 33. Nc4 Ra2 34. Rd2 Rxd2 35. Nxd2 Kf7 36. a5 Rb8 37. Bc4 Bc6 38. Ne4 Ra8 39. a6 Nb6 40. Ng5+ Ke7 41. Nxe6 Kd6 42. Rd1+ Ke5 43. Nxc7 Rc8 44. Nb5 Ra8 45. Re1+ Kf6 46. Re6+ 1-0

[Event "December 12 Early 2023"]
[Site "https://www.chess.com"]
[Date "2023.12.12"]
[Round "4"]
[White "Play, Gilles"]
[Black "Rychkov, Oleg"]
[Result "0-1"]
[Board "72"]
[TimeControl "180+1"]
[WhiteFideId "45130892"]
[BlackFideId "4122852"]
[WhiteElo "2522"]
[BlackElo "2743"]
[WhiteTeam "FRA"]
[BlackTeam "RUS"]
[WhiteClock "0:00:00"]
[BlackClock "0:00:40"]

1. e4 e5 2. Nf3 Nc6 3. c3 d5 4. Qa4 Ne7 5. Nxe5 dxe4 6. Bc4 Be6 7. Bxe6 fxe6 8. Qxe4 Nxe5 9. Qxe5 Qd7 10. O-O Nc6 11. Qe4 O-O-O 12. d4 Bd6 13. Re1 Kb8 14. Bf4 Bxf4 15. Qxf4 Rhf8 16. Qe4 Rde8 17. Nd2 h6 18. b4 e5 19. b5 Nd8 20. d5 Qxb5 21. Rab1 Qd7 22. Nc4 Nf7 23. Na5 Nd6 24. Qb4 Ka8 25. Nxb7 Rb8 26. Nc5 Qf5 27. f3 Rxb4 28. Rxb4 Rb8 29. Rxb8+ Kxb8 30. Rxe5 Qb1+ 31. Kf2 Qxa2+ 32. Kg3 a5 33. h4 a4 34. h5 a3 35. Nd3 Qc4 0-1

[Event "December 12 Early 2023"]
[Site "https://www.chess.com"]
[Date "2023.12.12"]
[Round "4"]
[White "Pham, Le Thao Nguyen"]
[Black "Krysa, Leandro"]
[Result "0-1"]
[Board "73"]
[TimeControl "180+1"]
[WhiteFideId "12401226"]
[BlackFideId "116807"]
[WhiteElo "2518"]
[BlackElo "2740"]
[WhiteTeam "VIE"]
[BlackTeam "ARG"]
[WhiteClock "0:00:00"]
[BlackClock "0:00:20"]

1. d4 Nf6 2. Nf3 g6 3. c4 Bg7 4. Nc3 d5 5. cxd5 Nxd5 6. e3 O-O 7. Bc4 Nb6 8. Be2 c5 9. O-O cxd4 10. Nxd4 e5 11. Ndb5 Nc6 12. b3 a6 13. Nd6 Qc7 14. Ba3 Rd8 15. Rc1 Be6 16. Nce4 h6 17. Qc2 f5 18. Nxb7 Qxb7 19. Qxc6 Bd5 20. Qxb7 Bxb7 21. Nc5 Bc8 22. e4 Bf8 23. Rfd1 Rxd1+ 24. Rxd1 Be7 25. f3 Ra7 26. b4 a5 27. Rc1 axb4 28. Bxb4 Rxa2 29. Bd1 Ra7 0-1

[Event "December 12 Early 2023"]
[Site "https://www.chess.com"]
[Date "2023.12.12"]
[Round "4"]
[White "Yaniuk, Volodymyr"]
[Black "Krzyzanowski, Marcin"]
[Result "1-0"]
[Board "74"]
[TimeControl "180+1"]
[WhiteFideId "14133083"]
[BlackFideId "1132199"]
[WhiteElo "2509"]
[BlackElo "2737"]
[WhiteTeam "UKR"]
[BlackTeam "POL"]
[WhiteClock "0:00:06"]
[BlackClock "0:00:07"]

1. d4 Nf6 2. c4 e6 3. Nf3 Bb4+ 4. Bd2 c5 5. Bxb4 cxb4 6. g3 b6 7. Bg2 O-O 8. a3 bxa3 9. Nxa3 Bb7 10. O-O d5 11. Ne5 Nbd7 12. Nb5 Nxe5 13. dxe5 Nd7 14. Nd6 Bc6 15. cxd5 exd5 16. Bxd5 Nxe5 17. Bxc6 Nxc6 18. Qd5 Nb4 19. Qd2 a5 20. Rfd1 Qf6 21. Ne4 Qe7 22. Nc3 Rad8 23. Qf4 h6 24. Qc4 Qe5 25. Qb5 Qe6 26. Rac1 Rc8 27. Qd7 Qb3 28. Qd2 Rfe8 29. e4 Qe6 30. f3 h5 31. Kg2 h4 32. g4 Qb3 33. Nd5 h3+ 34. Kg3 Rxc1 35. Rxc1 Nxd5 36. exd5 Rd8 37. d6 Qe6 38. Rd1 Rd7 39. Kxh3 a4 40. Kg2 Qb3 41. Rc1 Qe6 42. Rc8+ Kh7 43. Qd3+ g6 44. Qd4 f6 45. Rc7 Kg7 46. Rxd7+ Qxd7 47. Qxb6 Kh6 48. Qe3+ g5 49. Qe7 Qb5 50. Qxf6+ Kh7 51. Qf5+ Qxf5 52. gxf5 a3 53. bxa3 g4 54. d7 gxf3+ 55. Kxf3 Kh6 56. d8=Q Kh5 57. Qh8+ Kg5 58. Qg7+ Kxf5 59. Qf7+ Kg5 60. Qb3 Kh4 61. h3 Kxh3 62. a4 Kh2 63. a5 Kg1 64. Qc2 Kh1 65. Qg2# 1-0

[Event "December 12 Early 2023"]
[Site "https://www.chess.com"]
[Date "2023.12.12"]
[Round "4"]
[White "Atakhan, Abtin"]
[Black "Azali, Tannaz"]
[Result "1-0"]
[Board "75"]
[TimeControl "180+1"]
[WhiteFideId "22502203"]
[BlackFideId "12537721"]
[WhiteElo "2735"]
[BlackElo "2497"]
[WhiteTeam "IRI"]
[BlackTeam "IRI"]
[WhiteClock "0:02:13"]
[BlackClock "0:00:17"]

1. c4 Nf6 2. Nc3 e6 3. e4 d5 4. cxd5 exd5 5. e5 Ne4 6. Nf3 Bf5 7. d3 Nxc3 8. bxc3 c5 9. d4 Nc6 10. Bd3 Bxd3 11. Qxd3 cxd4 12. cxd4 Bb4+ 13. Kf1 O-O 14. Rb1 Qd7 15. h4 f6 16. exf6 Rxf6 17. Ne5 Nxe5 18. dxe5 Rb6 19. Be3 d4 20. Bxd4 Kh8 21. Rh3 Rd8 22. Bxb6 Qxd3+ 23. Rxd3 Rxd3 24. Bxa7 Ra3 25. Be3 Ra4 26. e6 Kg8 27. a3 Bxa3 28. Rxb7 Kf8 29. Bg5 h6 30. Rb8# 1-0

[Event "December 12 Early 2023"]
[Site "https://www.chess.com"]
[Date "2023.12.12"]
[Round "4"]
[White "Iljin, Timofey"]
[Black "Mindlin, Alon"]
[Result "0-1"]
[Board "76"]
[TimeControl "180+1"]
[WhiteFideId "14110180"]
[BlackFideId "2800071"]
[WhiteElo "2496"]
[BlackElo "2732"]
[WhiteTeam "UKR"]
[BlackTeam "ISR"]
[WhiteClock "0:00:00"]
[BlackClock "0:02:04"]

1. e4 e5 2. Nf3 Nc6 3. d4 exd4 4. Bc4 Bc5 5. O-O Nf6 6. c3 dxc3 7. Nxc3 d6 8. h3 h6 9. Bf4 Be6 10. Bxe6 fxe6 11. Qb3 e5 12. Qxb7 Ne7 13. Bxe5 dxe5 14. Qb5+ Nd7 15. Nxe5 Rb8 0-1

[Event "December 12 Early 2023"]
[Site "https://www.chess.com"]
[Date "2023.12.12"]
[Round "4"]
[White "Arslanov, Shamil"]
[Black "Berezin, Viktor"]
[Result "1-0"]
[Board "77"]
[TimeControl "180+1"]
[WhiteFideId "4192826"]
[BlackFideId "14107872"]
[WhiteElo "2719"]
[BlackElo "2492"]
[WhiteTeam "RUS"]
[BlackTeam "UKR"]
[WhiteClock "0:01:59"]
[BlackClock "0:01:32"]

1. e4 g6 2. Bc4 Bg7 3. Qf3 e6 4. d4 Nc6 5. c3 Nge7 6. h4 h5 7. Bg5 d5 8. Bd3 dxe4 9. Bxe4 Qd6 10. Nd2 Nf5 11. Nc4 Qf8 12. Bxc6+ 1-0

[Event "December 12 Early 2023"]
[Site "https://www.chess.com"]
[Date "2023.12.12"]
[Round "4"]
[White "Rosen, Eric"]
[Black "Shevchuk, Olexandr"]
[Result "0-1"]
[Board "78"]
[TimeControl "180+1"]
[WhiteFideId "2032562"]
[BlackFideId "14113775"]
[WhiteElo "2705"]
[BlackElo "2461"]
[WhiteTeam "USA"]
[BlackTeam "UKR"]
[WhiteClock "0:00:00"]
[BlackClock "0:00:29"]

1. e4 c5 2. Nc3 e6 3. Nf3 Nc6 4. d4 cxd4 5. Nxd4 Qc7 6. Ncb5 Qb8 7. Bd3 Nf6 8. Nxc6 bxc6 9. Nc3 d5 10. O-O Be7 11. b3 a5 12. Qe2 O-O 13. f4 Ba6 14. f5 Bb4 15. Bd2 Bxc3 16. Bxc3 Nxe4 17. Bxa5 Bxd3 18. cxd3 Nd6 19. Bc3 Nxf5 20. g4 Ne7 21. Kg2 Ng6 22. Qf2 e5 23. Bd2 Qc8 24. h3 Qa6 25. Qg3 e4 26. dxe4 Qe2+ 27. Rf2 Qxe4+ 28. Kh2 Rae8 29. h4 Ne5 30. Rg1 Nd3 31. Rfg2 Qe5 32. h5 h6 33. Qxe5 Nxe5 34. Kg3 Ra8 35. Bf4 Nd7 36. Rc1 c5 37. Bd6 Rfc8 38. Rd2 d4 39. a4 Rc6 40. Bf4 Ra7 41. Rxd4 Nf6 42. Rd8+ Kh7 43. Rd3 Rb7 44. Kf3 Rb4 45. Rdc3 Nd5 0-1

[Event "December 12 Early 2023"]
[Site "https://www.chess.com"]
[Date "2023.12.12"]
[Round "4"]
[White "Yaran, Siar"]
[Black "JG-17"]
[Result "0-1"]
[Board "79"]
[TimeControl "180+1"]
[WhiteFideId "6323006"]
[WhiteElo "2700"]
[BlackElo "2460"]
[WhiteTeam "TUR"]
[WhiteClock "0:00:00"]
[BlackClock "0:00:06"]

1. Nf3 Nf6 2. c4 b6 3. g3 Bb7 4. Bg2 g6 5. b3 Bg7 6. Bb2 O-O 7. O-O e6 8. Nc3 d5 9. d4 c5 10. Rc1 Nc6 11. dxc5 bxc5 12. Na4 Qe7 13. cxd5 Rfd8 14. Qc2 Nb4 15. Qxc5 Qxc5 16. Nxc5 Bxd5 17. a3 Nc6 18. b4 Rac8 19. Rfd1 Ne7 20. Ne1 Bxg2 21. Kxg2 Nfd5 22. Bxg7 Kxg7 23. Ned3 Nc6 24. Nf4 Nxf4+ 25. gxf4 Nd4 26. e3 Nb5 27. a4 Nc7 28. e4 Na8 29. Kf3 Rxd1 30. Rxd1 a5 31. Rd7 axb4 32. Nxe6+ Kf6 33. Ng5 Rc7 34. e5+ Kf5 35. Rxf7+ Rxf7 36. Nxf7 Nb6 37. Nd6+ Ke6 38. a5 b3 39. axb6 b2 40. b7 b1=Q 41. h3 Qb3+ 42. Kg2 g5 43. fxg5 Kxe5 44. Nf7+ Kf5 45. Nd8 Kxg5 0-1

[Event "December 12 Early 2023"]
[Site "https://www.chess.com"]
[Date "2023.12.12"]
[Round "4"]
[White "Pourkashiyan, Atousa"]
[Black "Chinguun, Sumiya"]
[Result "0-1"]
[Board "80"]
[TimeControl "180+1"]
[WhiteFideId "12502014"]
[BlackFideId "4902572"]
[WhiteElo "2460"]
[BlackElo "2688"]
[WhiteTeam "USA"]
[BlackTeam "MGL"]
[WhiteClock "0:00:00"]
[BlackClock "0:02:44"]

1. e4 c5 2. Nf3 Nc6 3. d4 cxd4 4. Nxd4 g6 5. c4 Nf6 6. Nc3 Nxd4 7. Qxd4 d6 8. Bg5 Bg7 9. Qd2 O-O 10. Be2 a5 11. O-O a4 12. Bd3 Qa5 13. Bh6 Be6 14. Bxg7 Kxg7 15. Rac1 Rfc8 16. b3 axb3 17. axb3 Qb4 18. f4 Qxb3 19. Rb1 Qa3 20. Rxb7 Bxc4 21. e5 dxe5 22. fxe5 Qc5+ 23. Kh1 Qxe5 24. Bxc4 Rxc4 25. Ne2 Ra1 26. Rbb1 Rxb1 27. Rxb1 Ng4 28. Ng3 Nxh2 29. Kxh2 Rh4+ 30. Kg1 Qxg3 31. Qb2+ e5 32. Qc2 Qe3+ 0-1

[Event "December 12 Early 2023"]
[Site "https://www.chess.com"]
[Date "2023.12.12"]
[Round "4"]
[White "Dmitrenko, Viktor"]
[Black "Volkov, Maksim"]
[Result "0-1"]
[Board "81"]
[TimeControl "180+1"]
[WhiteFideId "14110270"]
[BlackFideId "54123070"]
[WhiteElo "2443"]
[BlackElo "2679"]
[WhiteTeam "UKR"]
[BlackTeam "RUS"]
[WhiteClock "0:00:02"]
[BlackClock "0:00:31"]

1. d4 Nf6 2. Nf3 e6 3. c4 d5 4. Nc3 c5 5. cxd5 cxd4 6. Qxd4 exd5 7. Qa4+ Bd7 8. Qd1 Nc6 9. e3 Be7 10. Be2 O-O 11. O-O Be6 12. b3 Rc8 13. Bb2 a6 14. Rc1 Bd6 15. Na4 Ne4 16. Nd4 Bd7 17. Nc3 Nxc3 18. Bxc3 Ne5 19. Nf3 Nxf3+ 20. Bxf3 Ba3 21. Qd4 Qf6 22. Qxf6 gxf6 23. Rc2 Bf5 24. Bb2 Rxc2 25. Bxa3 Rd8 26. Be7 Rd7 27. Bxf6 Rxa2 28. g4 Be6 29. Rc1 Rd6 30. g5 Rc6 31. Rd1 Rcc2 32. Bxd5 Rd2 33. Rxd2 Rxd2 34. Bxb7 a5 35. e4 Bxb3 36. Kg2 a4 37. Kf3 a3 38. Ke3 Rc2 39. h4 a2 40. f4 Rc1 41. f5 a1=Q 42. Bxa1 Rxa1 43. e5 Ra5 44. Kf4 Ra4+ 45. Kg3 Bc2 46. f6 Bf5 47. Bd5 Rg4+ 48. Kf3 Rxh4 0-1

[Event "December 12 Early 2023"]
[Site "https://www.chess.com"]
[Date "2023.12.12"]
[Round "4"]
[White "Nagare Kaivalya Sandip"]
[Black "Goldin, Roman"]
[Result "1-0"]
[Board "82"]
[TimeControl "180+1"]
[WhiteFideId "25957929"]
[BlackFideId "2803860"]
[WhiteElo "2677"]
[BlackElo "2443"]
[WhiteTeam "IND"]
[BlackTeam "ISR"]
[WhiteClock "0:02:12"]
[BlackClock "0:00:00"]

1. e4 Nc6 2. d4 e5 3. d5 Nce7 4. Nf3 Ng6 5. g3 Nf6 6. Qe2 c6 7. c4 Bc5 8. Bg2 O-O 9. O-O a6 10. Nc3 b5 11. Be3 Qb6 12. Bg5 Ne8 13. a3 f6 14. Bd2 bxc4 15. Na4 Qb5 16. Nxc5 Qxc5 17. Bb4 Qb5 18. Bxf8 Nxf8 19. Rfc1 cxd5 20. exd5 Nd6 21. Nd2 Qxb2 22. Rab1 Qxa3 23. Nxc4 Nxc4 24. Qxc4 d6 25. Qc6 Bf5 26. Qxa8 Bxb1 27. Rxb1 h5 28. Rb8 1-0

[Event "December 12 Early 2023"]
[Site "https://www.chess.com"]
[Date "2023.12.12"]
[Round "4"]
[White "Timerkhanov, Alexander"]
[Black "Sahin, Sarp"]
[Result "1-0"]
[Board "83"]
[TimeControl "180+1"]
[WhiteFideId "24177938"]
[BlackFideId "51605066"]
[WhiteElo "2672"]
[BlackElo "2436"]
[WhiteTeam "RUS"]
[BlackTeam "TUR"]
[WhiteClock "0:00:20"]
[BlackClock "0:00:01"]

1. d4 Nf6 2. Bg5 e6 3. Nd2 d5 4. e3 c5 5. c3 Nc6 6. Ngf3 h6 7. Bh4 Be7 8. Bd3 cxd4 9. exd4 O-O 10. O-O Nd7 11. Bxe7 Qxe7 12. Qe2 a6 13. a4 f5 14. Rfe1 Nf6 15. Bxf5 Re8 16. Bc2 b6 17. Qd3 a5 18. Ne5 Bb7 19. Qg6 Nxe5 20. dxe5 Ne4 21. Nxe4 dxe4 22. Bxe4 Bxe4 23. Qxe4 Rad8 24. Rad1 Qc5 25. g3 Rf8 26. Rd4 Rd5 27. f4 Rfd8 28. Rd1 Rxd4 29. Rxd4 Rxd4 30. Qxd4 Qc6 31. Qd6 Qxa4 32. Qxe6+ Kh8 33. Qc8+ Kh7 34. Qf5+ Kh8 35. e6 Qd1+ 36. Kg2 Qe2+ 37. Kh3 Qf1+ 38. Kh4 Qe2 39. h3 Qe3 40. Qf8+ Kh7 41. Qf7 Kh8 42. e7 g5+ 43. Kh5 Qf3+ 44. Kxh6 Qe4 45. Qg7# 1-0

[Event "December 12 Early 2023"]
[Site "https://www.chess.com"]
[Date "2023.12.12"]
[Round "4"]
[White "Begunov, Konstantin"]
[Black "Tokhirjonova, Gulrukhbegim"]
[Result "1/2-1/2"]
[Board "84"]
[TimeControl "180+1"]
[WhiteFideId "4118510"]
[BlackFideId "14203626"]
[WhiteElo "2434"]
[BlackElo "2669"]
[WhiteTeam "RUS"]
[BlackTeam "USA"]
[WhiteClock "0:00:16"]
[BlackClock "0:00:11"]

1. d4 d5 2. c4 e6 3. Nc3 Nf6 4. cxd5 exd5 5. Bg5 Be7 6. e3 h6 7. Bh4 O-O 8. Bd3 c6 9. Nf3 Nbd7 10. Qc2 Re8 11. O-O Nh5 12. Bxe7 Qxe7 13. Rab1 a5 14. a3 Nb6 15. b4 axb4 16. axb4 Nf6 17. b5 c5 18. dxc5 Qxc5 19. Rfc1 Bd7 20. Nd4 Rec8 21. Qb2 Qa3 22. Qd2 Qd6 23. Nce2 Nc4 24. Bxc4 dxc4 25. Nc3 Ra3 26. Qe2 Rc5 27. Qf3 b6 28. Ne4 Nxe4 29. Qxe4 c3 30. Rc2 Rg5 31. Rbc1 Qc5 32. g3 Re5 33. Qd3 Bxb5 34. Qxb5 Qxb5 35. Nxb5 Rxb5 36. Rxc3 Ra2 37. R1c2 Ra1+ 38. Kg2 Rbb1 39. Rc8+ Kh7 40. R8c7 Kg6 41. R2c6+ f6 42. Rb7 Rc1 43. Rcxb6 Rg1+ 44. Kf3 Ra2 45. Rb2 Ra5 46. R7b5 Ra7 47. h4 h5 48. R5b4 Rc1 49. Rf4 Rc5 50. Kg2 Rd5 51. Rc2 Rb5 52. Rc6 Re5 53. Rfc4 Ra2 54. R6c5 Rxe3 55. Rc2 Re2 56. Rxa2 Rxa2 57. Rc3 Ra6 58. Rf3 Re6 59. Rf4 Re5 60. Rf3 Re1 61. Rf4 Re7 62. Rf3 Re5 63. Rf4 Rf5 64. Kf3 Re5 65. Kg2 Ra5 66. Rf3 Ra1 67. Rf4 Ra7 68. Rf3 Re7 69. Rf4 Re5 70. Rf3 Kf7 71. Rf4 Ke6 72. Ra4 g5 73. hxg5 fxg5 74. Ra8 Kf5 75. Rh8 h4 76. gxh4 gxh4 77. Rxh4 Re2 78. Ra4 Rb2 79. Kg3 Kg5 80. Ra5+ Kf6 81. f3 Rb4 82. Ra6+ Kf5 83. Ra5+ Kf6 84. f4 Rb1 85. Ra6+ Kf5 86. Ra5+ Kf6 87. Ra6+ Kf5 88. Ra5+ Kf6 1/2-1/2

[Event "December 12 Early 2023"]
[Site "https://www.chess.com"]
[Date "2023.12.12"]
[Round "4"]
[White "Latorre, Vincent"]
[Black "Leiva, Gianmarco"]
[Result "0-1"]
[Board "85"]
[TimeControl "180+1"]
[WhiteFideId "2636891"]
[BlackFideId "3804399"]
[WhiteElo "2434"]
[BlackElo "2666"]
[WhiteTeam "CAN"]
[BlackTeam "PER"]
[WhiteClock "0:00:01"]
[BlackClock "0:00:44"]

1. e4 c5 2. Nf3 d6 3. d4 cxd4 4. Nxd4 Nf6 5. Nc3 a6 6. h4 Nc6 7. h5 e5 8. Nb3 Be6 9. h6 d5 10. hxg7 Bxg7 11. exd5 Nxd5 12. Nxd5 Qxd5 13. Qxd5 Bxd5 14. c4 Be4 15. Nc5 Bg6 16. Bd3 O-O-O 17. Bxg6 hxg6 18. O-O Nd4 19. g3 f5 20. Be3 Nf3+ 21. Kg2 e4 22. Rh1 Bxb2 23. Rab1 Ba3 24. Ne6 Rde8 25. Rxh8 Rxh8 26. Rh1 Rxh1 27. Kxh1 Ne5 28. c5 Kd7 29. Nf4 Kc6 30. Ne6 Ng4 31. Nf8 Bxc5 32. Nxg6 Bxe3 33. fxe3 Nxe3 34. Kg1 Kd5 35. Kf2 Nd1+ 36. Ke2 Nc3+ 37. Ke3 Nxa2 38. Kf4 Ke6 39. Nf8+ Kf7 40. Nd7 b5 41. Kxf5 e3 42. g4 e2 43. Ne5+ Kg7 44. Nf3 Nb4 45. Ne1 a5 46. Kf4 a4 47. Ke3 a3 48. Kxe2 a2 0-1

[Event "December 12 Early 2023"]
[Site "https://www.chess.com"]
[Date "2023.12.12"]
[Round "4"]
[White "Garrido, Denis"]
[Black "Adla, Diego"]
[Result "0-1"]
[Board "86"]
[TimeControl "180+1"]
[WhiteFideId "601217"]
[BlackFideId "100072"]
[WhiteElo "2427"]
[BlackElo "2664"]
[WhiteTeam "FRA"]
[BlackTeam "ARG"]
[WhiteClock "0:00:07"]
[BlackClock "0:01:06"]

1. d4 Nf6 2. c4 e6 3. Nc3 Bb4 4. e3 O-O 5. Bd3 d5 6. cxd5 exd5 7. Ne2 c6 8. O-O Bd6 9. f3 Re8 10. e4 dxe4 11. fxe4 c5 12. e5 cxd4 13. exd6 dxc3 14. Nxc3 Bg4 15. Qa4 Nbd7 16. Bg5 Qb6+ 17. Kh1 Qxd6 18. Bb5 Re6 19. Bxd7 Qxd7 20. Bxf6 Rxf6 21. Rxf6 Qxa4 22. Nxa4 gxf6 23. Nc5 Rc8 24. Nxb7 Rc2 25. b4 Be6 26. Nc5 Bd5 0-1

[Event "December 12 Early 2023"]
[Site "https://www.chess.com"]
[Date "2023.12.12"]
[Round "4"]
[White "Goltsev, Dmitry"]
[Black "Federzoni, Enzo"]
[Result "1-0"]
[Board "87"]
[TimeControl "180+1"]
[WhiteFideId "24176710"]
[BlackFideId "2173301"]
[WhiteElo "2663"]
[BlackElo "2426"]
[WhiteTeam "RUS"]
[BlackTeam "BRA"]
[WhiteClock "0:00:35"]
[BlackClock "0:00:06"]

1. e4 c6 2. d4 d5 3. Nc3 dxe4 4. Nxe4 Nf6 5. Qe2 Qxd4 6. Nxf6+ Qxf6 7. Nf3 g6 8. c3 Bg7 9. Be3 O-O 10. O-O-O a5 11. Bg5 Qe6 12. Qxe6 Bxe6 13. Kb1 Re8 14. Nd4 Bxd4 15. Rxd4 f6 16. Be3 Nd7 17. Be2 Bf5+ 18. Kc1 e5 19. Rd6 Kf7 20. Rhd1 Ke7 21. g4 Be6 22. h3 Bd5 23. Rxd7+ Kxd7 24. c4 Ke6 25. cxd5+ cxd5 26. b3 d4 27. Bc4+ Kd6 28. a4 Kc5 29. Bd2 b6 30. Kc2 e4 31. Bc1 d3+ 32. Kc3 Kd6 33. Be3 f5 34. Bxb6 f4 35. Bd4 g5 36. f3 exf3 37. Rxd3 Kc7 38. Rxf3 Rac8 39. Bf6 h6 40. Bg7 Kb7 41. Bxh6 Rc5 42. Bg7 Rc6 43. Bd4 Rd6 44. Bc5 Rd1 45. Rd3 Ree1 46. Rxd1 Rxd1 47. Be7 f3 48. Bxg5 f2 49. h4 f1=Q 50. Bxf1 Rxf1 51. h5 Rg1 52. h6 Rxg4 53. Bf6 Rg3+ 54. Kc4 Rh3 55. Bg7 Kc6 56. Bf8 Rh4+ 57. Kc3 Kd5 58. Bg7 Rh3+ 59. Kc2 Ke4 60. Kb2 Kd3 61. Ka3 Kc2 62. Ka2 Rh2 63. Bf8 Rh1 64. Bg7 Kc1 65. b4 axb4 66. Kb3 Rh4 67. a5 Kd2 68. a6 Kd3 69. a7 1-0

[Event "December 12 Early 2023"]
[Site "https://www.chess.com"]
[Date "2023.12.12"]
[Round "4"]
[White "Seemann, Jakub"]
[Black "Botea, David-Alexandru"]
[Result "1-0"]
[Board "88"]
[TimeControl "180+1"]
[WhiteFideId "21874697"]
[BlackFideId "1263293"]
[WhiteElo "2653"]
[BlackElo "2384"]
[WhiteTeam "POL"]
[BlackTeam "ROU"]
[WhiteClock "0:00:03"]
[BlackClock "0:00:01"]

1. c3 c5 2. d4 cxd4 3. cxd4 d5 4. Nf3 Nf6 5. Bf4 e6 6. Nc3 Nc6 7. e3 a6 8. Bd3 Bd6 9. O-O O-O 10. Bxd6 Qxd6 11. a3 e5 12. dxe5 Nxe5 13. Nxe5 Qxe5 14. h3 Rd8 15. Ne2 Qxb2 16. Nd4 Qc3 17. a4 Qa5 18. Qb3 Bd7 19. Rfb1 Rab8 20. Qb6 Qc3 21. Bf5 Bxf5 22. Nxf5 Ne4 23. Ra2 Nd2 24. Rd1 Nc4 25. Qc7 Qe5 26. Qxe5 Nxe5 27. Rad2 b5 28. Rxd5 Rxd5 29. Rxd5 Nc4 30. axb5 axb5 31. Ne7+ Kf8 32. Nc6 Rc8 33. Nd4 b4 34. Rb5 Nd2 35. g3 b3 36. Nxb3 Nxb3 37. Rxb3 g6 38. h4 Kg7 39. Kg2 h6 40. Rb6 Rc4 41. Kf3 g5 42. hxg5 hxg5 43. e4 f6 44. Ke3 Ra4 45. Rc6 Ra3+ 46. Ke2 Ra2+ 47. Kf3 Ra4 48. Rc2 Rb4 49. Re2 Kg6 50. Kg4 f5+ 51. Kf3 g4+ 52. Kf4 fxe4 53. Rxe4 Rb2 54. Ke3 Rb3+ 55. Ke2 Kg5 56. Re5+ Kf6 57. Rd5 Kg6 58. Rd3 Rb2+ 59. Ke3 Kf5 60. Rd5+ Kf6 61. Ra5 Kg6 62. Re5 Kf6 63. Re4 Kf5 64. Rf4+ Kg5 65. Rd4 Rb3+ 66. Rd3 Rb2 67. Rd5+ Kg6 68. Ra5 Kf6 69. Kf4 Rxf2+ 70. Kxg4 Rb2 71. Ra6+ Kg7 72. Kh4 Rb5 73. g4 Rc5 74. Re6 Kf7 75. Rd6 Kg7 76. Re6 Rb5 77. Re4 Kg6 78. Ra4 Kg7 79. Ra8 Kg6 80. Ra7 Kf6 81. Rh7 Kg6 82. Rh8 Ra5 83. Rc8 Kg7 84. Rc7+ Kg6 85. Rc6+ Kg7 86. Rc4 Kg6 87. Rd4 Kg7 88. Rd6 Kf7 89. g5 Kg7 90. Kh5 Ra1 91. Rd7+ Kg8 92. Kh6 Ra6+ 93. g6 Kf8 94. Kh7 Ke8 95. Rf7 Ra8 96. Rf2 Ra4 97. g7 Rh4+ 98. Kg8 Rg4 99. Re2+ Kd7 100. Kf7 Rf4+ 101. Kg6 Rg4+ 102. Kf6 Kd8 103. Rf2 Rg1 104. Kf7 Rg4 105. g8=Q+ Rxg8 106. Kxg8 1-0

[Event "December 12 Early 2023"]
[Site "https://www.chess.com"]
[Date "2023.12.12"]
[Round "4"]
[White "Agibileg, Uurtsaikh"]
[Black "Zeneli, Klendi"]
[Result "1-0"]
[Board "89"]
[TimeControl "180+1"]
[WhiteFideId "4901606"]
[BlackFideId "4706609"]
[WhiteElo "2651"]
[BlackElo "2357"]
[WhiteTeam "MGL"]
[BlackTeam "ALB"]
[WhiteClock "0:02:11"]
[BlackClock "0:01:04"]

1. d4 d5 2. c4 e6 3. Nc3 c6 4. Nf3 dxc4 5. e3 b5 6. a4 Bb4 7. axb5 cxb5 8. Bd2 Qb6 9. Ne5 Bb7 10. b3 cxb3 11. Bxb5+ Bc6 12. Qxb3 Bxc3 13. Bxc6+ Nxc6 14. Qxb6 Bxd2+ 15. Kxd2 axb6 16. Rxa8+ Ke7 17. Nxc6+ 1-0

[Event "December 12 Early 2023"]
[Site "https://www.chess.com"]
[Date "2023.12.12"]
[Round "4"]
[White "Hercegovac, Neven"]
[Black "Boyer, Mahel"]
[Result "1-0"]
[Board "90"]
[TimeControl "180+1"]
[WhiteFideId "2839135"]
[BlackFideId "45102422"]
[WhiteElo "2350"]
[BlackElo "2650"]
[WhiteTeam "ITA"]
[BlackTeam "FRA"]
[WhiteClock "0:00:24"]
[BlackClock "0:00:00"]

1. d4 Nf6 2. Nc3 d5 3. Bf4 c6 4. e3 Bf5 5. f3 h5 6. Bd3 e6 7. Nge2 Bxd3 8. cxd3 Be7 9. e4 Na6 10. Rc1 O-O 11. O-O h4 12. Qe1 Nh5 13. Be3 Nb4 14. Qd2 a5 15. a3 Na6 16. e5 f5 17. f4 Kf7 18. Na4 Rh8 19. Nc5 Nxc5 20. dxc5 d4 21. Nxd4 Qd5 22. Nf3 Rad8 23. d4 a4 24. Qb4 Qe4 25. Rce1 Rd7 26. Nd2 Qc2 27. Nc4 Ng3 28. Rf2 Qd3 29. Rd2 Qe4 30. hxg3 hxg3 31. Qxa4 Rdd8 32. Qc2 1-0